 Dungeon Crawl Stone Soup version 0.31.0-9-g3a7656b989 (webtiles) character file.

Game seed: 16618994873960935428

9 Colgate the Shooter (level 2, 9/22 HPs)
             Began as a Demonspawn Hunter on Feb 6, 2024.
             Quit the game on level 1 of the Dungeon.
             The game lasted 00:00:34 (119 turns).

Colgate the Shooter (Demonspawn Hunter)              Turns: 119, Time: 00:00:35

Health: 9/22       AC:  3    Str: 11    XL:     2   Next: 3%
Magic:  2/2        EV: 11    Int:  9    God:
Gold:   37         SH:  0    Dex: 16    Spells: 1/1 levels left

rFire   . . .        a - +0 shortbow
rCold   . . .        (shield currently unavailable)
rNeg    . . .        c - +0 leather armour
rPois   .            (no helmet)
rElec   .            (no cloak)
rCorr   .            (no gloves)
SInv    .            (no boots)
Will    .....        (no amulet)
Stlth   +            (no ring)
HPRegen 0.23/turn    (no ring)
MPRegen 0.08/turn

%: no passive effects
@: no status effects
A: demonic touch 1
a: no special abilities


You were on level 1 of the Dungeon.
You visited 1 branch of the dungeon, and saw 1 of its levels.

You collected 37 gold pieces.

Inventory:

Hand Weapons
 a - a +0 shortbow (weapon)
Armour
 c - a +0 leather armour (worn)
Scrolls
 b - a scroll of butterflies
Potions
 d - a potion of attraction {unknown}


   Skills:
 - Level 2.0 Fighting
 + Level 4.1 Ranged Weapons
 - Level 1.7 Dodging
 - Level 0.8 Stealth


You had one spell level left.
You didn't know any spells.
Your spell library contained the following spells:

 Spells                   Type           Power      Damage    Failure   Level
 Sting                    Conj/Alch      0%         1d3       47%         1
 Mercury Vapours          Alch/Air       0%         N/A       63%         2
 Olgreb's Toxic Radiance  Alch           0%         N/A       99%         4


Dungeon Overview and Level Annotations

Branches:
Dungeon (1/15)

Altars:


Innate Abilities, Weirdness & Mutations

Your touch may inflict minor irresistible damage on your foes.


Message History

You are too injured to fight recklessly!
There are monsters nearby!
You are too injured to fight recklessly!
There are monsters nearby!
You are too injured to fight recklessly!
There are monsters nearby!
The jackal attacks as it pursues you! The jackal closely misses you.
The jackal attacks as it pursues you! The jackal bites you.
The jackal bites you but does no damage.
The jackal attacks as it pursues you! The jackal bites you.
Fire: a) +0 shortbow
Press: ? - help, Q - select action Shift-Dir - straight line, f - jackal
Aim: a jackal (55% to hit)
You shoot an arrow. The arrow hits the jackal!
You kill the jackal!
Your Ranged Weapons skill increases to level 4!
Press: ? - help, v - describe, . - travel
Here: a ball python The floor.
Unknown command.
Fire: a) +0 shortbow
Press: ? - help, Q - select action Shift-Dir - straight line, f - ball python
Aim: a ball python (60% to hit)
You shoot an arrow. The arrow hits the ball python!
You kill the ball python!
Press: ? - help, v - describe, . - travel
Here: a jackal The floor.
Unknown command.
Fire: a) +0 shortbow
Press: ? - help, Q - select action Shift-Dir - straight line, f - dart slug
Aim: a dart slug (94% to hit)
You shoot an arrow. The arrow hits the jackal!
You kill the jackal!
The dart slug launches a dart at you. The slug dart misses you.
You have reached level 2!
Your demonic ancestry asserts itself...
Your hands begin to faintly glow with unholy energy.
Are you sure you want to abandon this character and quit the game? (Confirm with "yes".)

...................#...#
.#.....#..#..#..#......#
.#.....#..........#....#
.#..<.....#..#....##...#
####################.†.#
# ########### #....##.#
#.............#..>...#
###..##..######...#####
#.>........@..........#
.##....w#####.#.####.#
.....#..## ...#.# ....
##.####.###.# ##
#......# #.# ##..).##
#.# #..†.##....#.#
#...w.?... .....#
#.######## #..


You could see a dart slug.

Vanquished Creatures
  A giant cockroach (D:1)
  3 jackals (D:1)
  2 ball pythons (D:1)
  A bat (D:1)
  2 rats (D:1)
9 creatures vanquished.

Notes
Turn   | Place    | Note
-------+----------+-------------------------------------------
     0 | D:1      | Colgate the Demonspawn Hunter began the quest for the Orb.
     0 | D:1      | Reached XP level 1. HP: 16/16 MP: 1/1
   117 | D:1      | Reached skill level 4 in Ranged Weapons
   119 | D:1      | Gained mutation: Your touch may inflict minor irresistible
                  | damage on your foes. [demonic ancestry]
   119 | D:1      | Reached XP level 2. HP: 9/22 MP: 2/2
   119 | D:1      | Quit the game

Illustrated notes

Levels and vault maps discovered:
D:1:      dpeg_arrival_ternary, layout_rooms, ebering_dispersal_statue_hall,
          chequers_serial_rivers_micro_a

Skill      XL: |  1 |
---------------+----+-----
Ranged Weapons | 4 |  4.1
Fighting       | |  2.0
Dodging        | |  1.7
Stealth        | |  0.8

Action                     || total
---------------------------++-------
   Fire: Shortbow          ||    30
 Armour: Leather armour    ||    25
  Dodge: Dodged            ||    25
